 Dungeon Crawl Stone Soup version 0.19.5 (webtiles) character file.

58 JeffiDaFish the Firebug (level 3, -1/26 HPs)
             Began as a Draconian Fire Elementalist on Apr 25, 2017.
             Slain by Sigmund
             ... wielding a +1 vampiric scythe
              (10 damage)
             ... on level 2 of the Dungeon.
             The game lasted 00:05:29 (1266 turns).

JeffiDaFish the Firebug (DrFE)                      Turns: 1266, Time: 00:05:29

Health: -1/26      AC:  8    Str: 10    XL:     3   Next: 75%
Magic:  3/7        EV: 12    Int: 15    God:
Gold:   36         SH:  0    Dex: 14    Spells: 2 memorised, 4 levels left

rFire  . . .     SeeInvis .     f - +0 trident
rCold  . . .     Gourm    .     (armour unavailable)
rNeg   . . .     Faith    .     (no shield)
rPois  .         Spirit   .     (helmet restricted)
rElec  .         Reflect  .     (no cloak)
rCorr  .         Harm     .     e - +2 pair of gloves
MR     .....                    (no boots)
Stlth  ++........               (no amulet)
                                (no ring)
                                (no ring)

@: no status effects
A: unfitting armour, agile 1, regeneration 1, cold-blooded, AC +5
a: no special abilities


You were on level 2 of the Dungeon.
You were not hungry.

You visited 1 branch of the dungeon, and saw 2 of its levels.

You collected 36 gold pieces.

Inventory:

Hand Weapons
 f - a +0 trident (weapon)
Armour
 e - a +2 pair of gloves (worn)
Scrolls
 g - a scroll of remove curse
Books
 a - a book of Flames

   Spells                             Type                      Level
   a - Flame Tongue                   Conjuration/Fire             1
   b - Throw Flame                    Conjuration/Fire             2
   c - Conjure Flame                  Conjuration/Fire             3
   d - Inner Flame                    Hexes/Fire                   3
   e - Sticky Flame                   Conjuration/Fire             4
   f - Fireball                       Conjuration/Fire             5
Comestibles
 b - a bread ration
 c - 2 chunks of flesh
 d - a slice of pizza
 h - 4 fruits
 i - a royal jelly


   Skills:
 + Level 0.2 Polearms
 + Level 2.0 Dodging
 + Level 1.8 Stealth
 + Level 0.4 Unarmed Combat
 + Level 2.7 Spellcasting
 + Level 1.4 Conjurations
 + Level 3.7 Fire Magic


You had 4 spell levels left.
You knew the following spells:

 Your Spells              Type           Power        Failure   Level  Hunger
a - Flame Tongue          Conj/Fire      #....        10%         1    #......
b - Throw Flame           Conj/Fire      #.....       12%         2    ##.....


Dungeon Overview and Level Annotations

Branches:
Dungeon (2/15)

Altars:

Annotations:
D:2 Sigmund


Innate Abilities, Weirdness & Mutations

Your plain brown scales are hard. (AC +5)
You cannot fit into any form of body armour.
You are cold-blooded and may be slowed by cold attacks.
You are agile. (Dex +2)
Your natural rate of healing is unusually fast.


Message History

You can't see any susceptible monsters within range! (Use Z to cast anyway.)
Casting: Flame Tongue
Confirm with . or Enter, or press ? or * to list all spells.
Aiming: Flame Tongue
Press: ? - help, Shift-Dir - straight line The flame tongue hits something.
Something hits you.
Casting: Flame Tongue
Confirm with . or Enter, or press ? or * to list all spells.
Aiming: Flame Tongue
Press: ? - help, Shift-Dir - straight line The flame tongue hits something.
You hear some strange, mumbled words.
Something tries to affect you, but you resist.
Some of the chunks of flesh in your inventory have rotted away.
Casting: Flame Tongue
Confirm with . or Enter, or press ? or * to list all spells.
Aiming: Flame Tongue
Press: ? - help, Shift-Dir - straight line The flame tongue hits something.
Something hits you!
You die...

......... #. #.....).....#.#
......... #. #...........#.#
........ #.# #..........<#.#
......# #.# #........##.#..
......# #.####........##....
......#
#.###...##........##....
.รท....#
#.##..............###.##
......####.##......#+#######
#.. #..........##...@..#
##.# #..........##..{...# .>
#..........##......+ ##
#..........##......#
#..........##......#
#..........).###.###
#.........#### #......#
#.........# ##.......
#.........# .##....


There were no monsters in sight!

Vanquished Creatures
  Natasha (D:2)
  A worm (D:2)
  A leopard gecko (D:1)
  4 goblins
  2 hobgoblins (D:1)
  6 jackals (D:1)
  A ball python (D:1)
  3 bats
  2 frilled lizards
  4 kobolds (D:1)
  4 rats
29 creatures vanquished.

Notes
Turn   | Place    | Note
-------+----------+-------------------------------------------
     0 | D:1      | JeffiDaFish the Draconian Fire Elementalist began the quest for the Orb.
     0 | D:1      | Reached XP level 1. HP: 14/14 MP: 3/3
    97 | D:1      | Gained mutation: You are agile. (Dex +2) [potion of beneficial mutation]
   166 | D:1      | Gained mutation: Your natural rate of healing is unusually fast. [potion of beneficial mutation]
   225 | D:1      | Reached XP level 2. HP: 20/20 MP: 1/5
   327 | D:1      | Learned a level 2 spell: Throw Flame
  1039 | D:2      | Reached XP level 3. HP: 26/26 MP: 3/6
  1127 | D:2      | Noticed Natasha
  1133 | D:2      | Killed Natasha
  1200 | D:2      | Noticed Sigmund
  1266 | D:2      | Slain by Sigmund

Skill      XL: |  1  2 |
---------------+-------+-----
Dodging        | 2 |  2.0
Polearms       | |  0.2
Stealth        | |  1.8
Unarmed Combat | |  0.4
Spellcasting   | |  2.7
Conjurations   | |  1.4
Fire Magic     | |  3.7

Action                   || total
-------------------------++-------
Melee: Unarmed           ||    43
       Tailslap          ||     4
       Trident           ||    30
 Cast: Flame Tongue      ||    29
       Throw Flame       ||     7
  Use: Potion            ||     6
       Scroll            ||     5
 Stab: Sleeping          ||     1
  Eat: Chunk             ||     2
Armor: Skin              ||    29
Dodge: Dodged            ||    59
